 Dungeon Crawl Stone Soup version 0.17-a0-547-g5e20af8 (webtiles) character file.

140 Fluffy the Slasher (level 5, -1/38 HPs)
             Began as a Demonspawn Gladiator on Apr 13, 2015.
             Slain by Robin
             ... wielding a +0 mace
              (8 damage)
             ... on level 3 of the Dungeon.
             The game lasted 00:05:14 (2214 turns).

Fluffy the Slasher (Demonspawn Gladiator)           Turns: 2214, Time: 00:05:14

Health: -1/38      AC:  8    Str: 16    XL:     5   Next: 2%
Magic:  5/5        EV:  7    Int: 10    God:
Gold:   146        SH:  0    Dex: 13    Spells: 0 memorised, 4 levels left

rFire  . . .     SeeInvis .     a - +0 long sword
rCold  . . .     Clarity  .     p - +0 chain mail
rNeg   . . .     SustAb   .     (no shield)
rPois  .         Gourm    .     (helmet restricted)
rElec  .         Spirit   .     (no cloak)
rCorr  .         Warding  .     (no gloves)
rMut   .         Stasis   .     (no boots)
MR     .....                    (no amulet)
Stlth  ..........               (no ring)
                                (no ring)

@: not resistant to hostile enchantments, extremely unstealthy
A: antennae 1, claws 2, powered by pain 1
a: no special abilities


You were on level 3 of the Dungeon.
You were not hungry.

You visited 1 branch of the dungeon, and saw 3 of its levels.

You collected 146 gold pieces.

Inventory:

Hand weapons
 a - a +0 long sword (weapon)
Missiles
 d - 3 throwing nets (quivered)
Armour
 p - a +0 chain mail (worn)
Scrolls
 c - a scroll of teleportation {unknown}
 e - a scroll of blinking {unknown}
 g - a scroll of immolation {unknown}
 h - a scroll of identify {unknown}
 n - a scroll of random uselessness {unknown}
 q - a scroll of fog {unknown}
 r - a scroll of amnesia {unknown}
Potions
 b - a potion of agility {unknown}
 j - a potion of ambrosia {unknown}
 m - a potion of invisibility {unknown}
Comestibles
 f - 3 bread rations
 i - a beef jerky
 k - 2 meat rations
 l - a slice of pizza
 o - a royal jelly


   Skills:
 - Level 2.0 Fighting
 + Level 4.4 Long Blades
 - Level 1.7 Throwing
 + Level 2.4 Armour
 - Level 2.6 Dodging


You had 4 spell levels left.
You didn't know any spells.

Dungeon Overview and Level Annotations

Branches:
Dungeon (3/15)

Altars:
Ashenzari
Vehumet
Zin

Annotations:
D:3 Robin


Innate Abilities, Weirdness & Mutations

You have a pair of small antennae on your head.
You have very sharp fingernails.
You sometimes gain a little power by taking damage.


Message History

You hit Robin.
Robin is heavily wounded.
Robin hits you with a mace.
Your chain mail prevents you from hitting Robin.
Robin is heavily wounded.
Robin hits you with a mace. Robin hits you but does no damage.
You hit Robin.
Robin is severely wounded.
Robin hits you with a mace.
You hit Robin but do no damage.
Robin is severely wounded.
Robin hits you with a mace. Robin closely misses you.
You hit Robin.
Robin is severely wounded.
Robin hits you with a mace.
* * * LOW HITPOINT WARNING * * *
Drink which item? (? for menu, Esc to quit)
Okay, then.
Robin hits you with a mace!
You die...

#. #.#
#........ #.
#.# #.#######
#. #.# #.# # #.
#.# #.#
#.#.###.#####.#
#.............#
####.##.#####.#
#.##.# #.#
#@##.# #.#
#g##.# #.#
#)##.# #.#
#.#... ..#
#.#..# ###
..#..# .....#
... ####


You could see Robin (berserk).

Vanquished Creatures
  Ijyb (D:2)
  2 adders
  3 gnolls (D:3)
  2 worms (D:2)
  4 giant geckos
  A giant cockroach (D:1)
  7 goblins
  9 hobgoblins
  4 kobolds
  5 bats
  4 giant newts
  8 rats
50 creatures vanquished.

Notes
Turn   | Place    | Note
--------------------------------------------------------------
     0 | D:1      | Fluffy, the Demonspawn Gladiator, began the quest for the Orb.
     0 | D:1      | Reached XP level 1. HP: 16/16 MP: 1/1
    52 | D:1      | Reached skill level 3 in Long Blades
   359 | D:1      | Gained mutation: You have sharp fingernails. [demonic ancestry]
   359 | D:1      | Reached XP level 2. HP: 17/22 MP: 2/2
   753 | D:2      | Reached skill level 1 in Armour
   779 | D:2      | Found a glowing silver altar of Zin.
  1009 | D:2      | Noticed Ijyb
  1021 | D:2      | Killed Ijyb
  1021 | D:2      | Gained mutation: You have very sharp fingernails. [demonic ancestry]
  1021 | D:2      | Reached XP level 3. HP: 24/27 MP: 3/3
  1205 | D:2      | Reached skill level 4 in Long Blades
  1205 | D:2      | Gained mutation: You have a pair of small antennae on your head. [demonic ancestry]
  1205 | D:2      | Reached XP level 4. HP: 29/33 MP: 4/4
  2128 | D:3      | Found a radiant altar of Vehumet.
  2129 | D:3      | Found a shattered altar of Ashenzari.
  2186 | D:3      | Noticed Robin
  2200 | D:3      | Gained mutation: You sometimes gain a little power by taking damage. [demonic ancestry]
  2200 | D:3      | Reached XP level 5. HP: 32/38 MP: 5/5
  2214 | D:3      | Slain by Robin

Action                   |  1- 3 |  4- 6 || total
-------------------------+-------+-------++-------
Melee: Long sword        |    91 |    89 ||   180
  Eat: Chunk             |     1 |     3 ||     4
